AoeStats
← Křovák

Arena

507123575Analyzed
1v1 RM · 16d ago on Sep 16, 2026· 55m 54s· 2 players
Game mode
Random Map
Map size
Tiny (2 player)
Population
200
Speed
Normal
Resources
Standard
Victory
Conquest
Starting age
Dark Age
Ending age
Imperial Age
RankedLock teamsTeams togetherTeam positionsShared explorationLock speedFull tech treeHidden civsTurbo modeCheats
Victory
Defeat
🇨🇿 Franks · Czechia
854
+15
🇦🇷 Spanish · Argentina
830
-15
fede_alonso
11:02 Feudal Age
12:06 Double-Bit Axe
12:22 Horse Collar
16:52 Castle Age
18:37 Wheelbarrow
18:52 Town Watch
19:43 Wheelbarrow
22:13 Pikeman
24:22 Wheelbarrow
24:34 Light Cavalry
26:20 Hand Cart
27:11 Loom
27:26 Town Patrol
29:54 Redemption
30:21 Sanctity
31:16 Murder Holes
32:05 Scale Barding Armor
31:27 Elite Skirmisher
38:24 Imperial Age
38:50 Halberdier
40:44 Fortified Wall
40:44 Inquisition
41:05 Block Printing
41:22 Illumination
44:42 Fletching
Křovák
7:17 Loom
10:32 Feudal Age
12:26 Double-Bit Axe
16:02 Castle Age
17:12 Double-Bit Axe
24:46 Bow Saw
28:14 Imperial Age
28:06 Bow Saw
28:24 Fletching
28:51 Town Watch
31:24 Bodkin Arrow
32:31 Wheelbarrow
35:11 Hoardings
36:50 Forging
36:46 Scale Barding Armor
38:28 Gold Mining
38:28 Stone Mining
39:49 Chemistry
38:48 Murder Holes
40:43 Stone Mining
41:47 Iron Casting
41:33 Chain Barding Armor
41:11 Cavalier
46:03 Ballistics
46:20 Plate Barding Armor
46:46 Blast Furnace
46:20 #83
Connection lost

Rejoining the realm…

Still unreachable

The connection could not be restored.

Session expired

The server has moved on; the page needs a fresh start.